 Dungeon Crawl Stone Soup version 0.29.1-1-gd02db6906a (console) character file.

Game seed: 2247094192790152182

4 sentinel the Digger (level 1, 0/14 HPs)
             Began as a Meteoran Earth Elementalist on Oct 4, 2022.
             Slain by a kobold
             ... wielding a +0 short sword
              (3 damage)
             ... on level 1 of the Dungeon.
             The game lasted 00:00:03 (31 turns).

sentinel the Digger (Meteoran Earth Elementalist)     Turns: 31, Time: 00:00:03

Health: 0/14       AC:  2    Str:  9    XL:     1   Next: 85%
Magic:  0/5        EV: 12    Int: 16    God:
Gold:   0          SH:  0    Dex: 14    Spells: 4/5 levels left

rFire   . . .      SeeInvis .   (no weapon)
rCold   . . .      Faith    .   (no shield)
rNeg    . . .      Spirit   .   a - +0 robe
rPois   .          Reflect  .   (no helmet)
rElec   .          Harm     .   (no cloak)
rCorr   .          Rampage  .   (no gloves)
Will    .....                   (no boots)
Stlth   +.........              (no amulet)
HPRegen 0.04/turn               (no ring)
MPRegen 0.09/turn               (no ring)

@: glowing
A: sense surroundings 1, otherworldly, glowing, explore regen
a: no special abilities


You were on level 1 of the Dungeon.
You visited 1 branch of the dungeon, and saw 1 of its levels.

Inventory:

Armour
 a - a +0 robe (worn)
Potions
 b - a potion of magic


   Skills:
 - Level 2.4 Dodging
 - Level 1.4 Stealth
 - Level 2.6 Spellcasting
 - Level 1.2 Transmutations
 + Level 4.0 Earth Magic


You had 4 spell levels left.
You knew the following spells:

 Your Spells              Type           Power      Damage    Failure   Level
a - Sandblast             Erth           30%        2d9       3%          1

Your spell library contained the following spells:

 Spells                   Type           Power      Damage    Failure   Level
 Passwall                 Tmut/Erth      8%         N/A       10%         2
 Stone Arrow              Conj/Erth      16%        3d8       26%         3
 Petrify                  Tmut/Erth      10%        N/A       54%         4


Dungeon Overview and Level Annotations

Branches:
Dungeon (1/15) Zot: 565

Altars:


Innate Abilities, Weirdness & Mutations

You passively map a small area around you.
You are easily found by Zot.
You glow in the dark.
You regain HP and MP as you explore.


Message History

Unknown command.
Unknown command.
Unknown command.
As you open the door, it creaks loudly!
You hear a bark! x2
Unknown command.
Found 4 stones.
There is an open door here.
Unknown command.
Found 19 gold pieces.
Unknown command. 2 jackals come into view.
The jackal barks!
The jackal moves out of view.
Unknown command.
But you're not safe!
Unknown command.
The blast of sand misses the jackal.
The jackal barks!
You hear a shout!
A jackal comes into view.
A jackal comes into view.
The jackal moves out of view.
The blast of sand hits the jackal.
The jackal is heavily wounded.
The jackal bites you but does no damage.
The jackal misses you. The jackal closely misses you.
Unknown command.
The blast of sand hits the jackal.
You kill the jackal!
The jackal barks!
You hear a shout!
The jackal bites you.
Unknown command.
The blast of sand hits the jackal!
You kill the jackal!
The jackal barks!
The jackal bites you.
A kobold comes into view. It is wielding a +0 short sword.
Unknown command.
The blast of sand misses the jackal.
The blast of sand hits the jackal.
You kill the jackal!
The jackal bites you. The jackal barely misses you.
Your Earth Magic skill increases to level 4!
Unknown command.
You hit the jackal but do no damage. The jackal closely misses you.
You barely miss the jackal.
The jackal bites you but does no damage. x2
You are out of magic!
Unknown command.
You are out of magic!
Unknown command.
You are out of magic!
Unknown command.
You are out of magic!
Unknown command.
You barely miss the jackal. The jackal misses you.
A kobold comes into view. It is wielding a +1 dagger of draining.
You closely miss the jackal. The jackal barely misses you.
The jackal closely misses you.
You miscast Sandblast.
You are very lightly contaminated with residual magic.
Nothing appears to happen.
The jackal completely misses you.
Unknown command.
You are out of magic!
Unknown command.
You are out of magic!
Unknown command.
You are out of magic!
Unknown command.
But you're not safe!
Unknown command.
But you're not safe!
Unknown command.
But you're not safe!
Unknown command.
But you're not safe!
Unknown command.
But you're not safe!
Unknown command.
You hit the jackal but do no damage.
The jackal bites you but does no damage.
You hit the jackal but do no damage. The jackal misses you.
The jackal closely misses you.
You are out of magic!
Unknown command.
You are out of magic!
Unknown command.
You are out of magic!
Unknown command.
You are out of magic!
Unknown command.
You hit the jackal but do no damage. The jackal bites you.
You miss the jackal. The jackal barely misses you.
The jackal bites you but does no damage.
You are out of magic!
Unknown command.
You are out of magic!
Unknown command.
You are out of magic!
Unknown command.
You are out of magic!
Unknown command.
You hit the jackal.
The jackal is lightly wounded.
The jackal bites you.
You miss the jackal.
The jackal is lightly wounded.
The jackal closely misses you.
Your magical contamination has completely faded away.
You are out of magic!
Unknown command.
You are out of magic!
Unknown command.
You are out of magic!
Unknown command.
You are out of magic!
Unknown command.
But you're not safe!
Unknown command.
But you're not safe!
Unknown command.
But you're not safe!
Unknown command.
But you're not safe!
Unknown command.
But you're not safe!
Unknown command.
You barely miss the jackal.
The jackal is lightly wounded.
The jackal bites you but does no damage.
The jackal bites you.
You closely miss the jackal.
The jackal is lightly wounded.
The jackal barely misses you.
You are out of magic!
Unknown command.
You are out of magic!
Unknown command.
You are out of magic!
Unknown command.
You are out of magic!
Unknown command.
You hit the jackal but do no damage.
The jackal is lightly wounded.
The jackal completely misses you. The jackal barely misses you.
You miss the jackal.
The jackal is lightly wounded.
The jackal bites you.
The blast of sand hits the jackal.
You kill the jackal!
The kobold hits you with a +0 short sword.
You die...

, ##.......##
##⌠.P.P.⌠## ,
########.#.#.###
*
.$....##+#'#+##..
#....(.........#
#####.#.########
* ##.#.#
######..#.# *
#......@#.#
...?...†KK.# *
#..##..##†.....
## ...# ##.....,
** *#..# *..... ,
#.. .... , #.. ,
, ... ,.. ... ,


You could see 2 kobolds.

Vanquished Creatures
  4 jackals (D:1)
4 creatures vanquished.

Notes
Turn   | Place    | Note
-------+----------+-------------------------------------------
     0 | D:1      | sentinel the Meteoran Earth Elementalist began the quest
                  | for the Orb.
     0 | D:1      | Reached XP level 1. HP: 14/14 MP: 5/5
    16 | D:1      | Reached skill level 4 in Earth Magic
    31 | D:1      | Slain by a kobold

Illustrated notes

Levels and vault maps discovered:
D:1:      spicycebolla_arrival_ecumenical, layout_loops_ring,
          palyth_stone_intersect

Skill      XL: |  1 |
---------------+----+-----
Earth Magic    | 4 |  4.0
Dodging        | |  2.4
Stealth        | |  1.4
Spellcasting   | |  2.6
Transmutations | |  1.2

Action                   || total
-------------------------++-------
Melee: Unarmed           ||    14
 Cast: Sandblast         ||     6
Armor: Robe              ||     6
Dodge: Dodged            ||    15
